AoeStats
← Master.L

Arena

510405990Analyzed
1v1 RM · 2d ago on Sep 30, 2026· 59m 28s· 2 players
Game mode
Random Map
Map size
Tiny (2 player)
Population
200
Speed
Normal
Resources
Standard
Victory
Conquest
Starting age
Dark Age
Ending age
Imperial Age
RankedLock teamsTeams togetherTeam positionsShared explorationLock speedFull tech treeHidden civsTurbo modeCheats
Victory
Defeat
🇵🇪 Persians · Peru
981
+16
🇨🇳 Burgundians · China
990
-16
ASPROS
10:58 Feudal Age
15:02 Castle Age
13:25 Double-Bit Axe
14:26 Horse Collar
16:33 Wheelbarrow
25:48 Heavy Plow
26:27 Pikeman
32:18 Imperial Age
30:01 Gold Mining
30:55 Bow Saw
31:29 Forging
31:09 Fletching
31:54 Hand Cart
32:03 Scale Barding Armor
33:05 Gold Shaft Mining
33:33 Crop Rotation
34:37 Chemistry
34:31 Iron Casting
33:51 Bodkin Arrow
34:10 Town Watch
34:20 Stone Mining
35:24 Ballistics
35:09 Town Patrol
34:59 Halberdier
35:40 Squires
36:38 Kamandaran
36:40 Bodkin Arrow
37:11 Onager
37:56 Heavy Scorpion
39:14 Light Cavalry
40:04 Bloodlines
39:15 Cavalier
39:55 Husbandry
39:44 Crossbowman
40:30 Thumb Ring
41:47 Blast Furnace
42:25 Hussar
42:25 Savar
42:50 Capped Ram
44:39 Loom
44:48 Elite Skirmisher
45:49 Arson
45:49 Siege Ram
48:31 Chain Barding Armor
49:06 Masonry
58:36 Plate Barding Armor
58:32 Gambesons
60:12 Stone Shaft Mining
Master.L
3:08 Double-Bit Axe
11:31 Feudal Age
10:17 Horse Collar
11:58 Gold Mining
14:40 Loom
17:16 Castle Age
18:24 Wheelbarrow
18:51 Bow Saw
19:50 Stone Mining
21:54 Loom
24:53 Imperial Age
25:05 Cavalier
26:35 Husbandry
29:17 Chemistry
28:24 Paladin
31:59 Forging
31:56 Scale Barding Armor
32:40 Treadmill Crane
34:41 Two-Man Saw
35:03 Conscription
35:24 Hand Cart
35:57 Hoardings
36:44 Chain Barding Armor
36:59 Iron Casting
36:15 Fletching
43:37 Light Cavalry
45:42 Burgundian Vineyards
46:06 Hussar
47:27 Plate Barding Armor
47:53 Blast Furnace
46:49 Bodkin Arrow
47:03 Elite Coustillier
Connection lost

Rejoining the realm…

Still unreachable

The connection could not be restored.

Session expired

The server has moved on; the page needs a fresh start.